[ AOE2 MATCH · #478537321 ]
UnrankedKhmer vs Vietnamese
[ REPLAY ANALYSIS · EXTRACTED FROM THE RECORDED GAME ]
Feudal
—
Castle
—
Imperial
—
| APM avg | 35.0 |
| APM peak | 47 |
| eAPM avg | 18.1 |
| Villagers / military | 22 / 0 |
Focus
⚔️ 18.6% · 🌾 81.4%
Feudal
—
Castle
—
Imperial
—
| APM avg | 19.9 |
| APM peak | 35 |
| eAPM avg | 7.2 |
| Villagers / military | 20 / 0 |
Focus
⚔️ 12.7% · 🌾 87.3%
Feudal
—
Castle
—
Imperial
—
| APM avg | 28.8 |
| APM peak | 49 |
| eAPM avg | 19.9 |
| Villagers / military | 17 / 0 |
Focus
⚔️ 31.2% · 🌾 68.8%
Feudal
—
Castle
—
Imperial
—
| APM avg | 27.2 |
| APM peak | 48 |
| eAPM avg | 13.9 |
| Villagers / military | 21 / 0 |
Focus
⚔️ 19.0% · 🌾 81.0%
Feudal
—
Castle
—
Imperial
—
| APM avg | 28.0 |
| APM peak | 38 |
| eAPM avg | 9.2 |
| Villagers / military | 18 / 0 |
Focus
⚔️ 18.2% · 🌾 81.8%
Feudal
—
Castle
—
Imperial
—
| APM avg | 29.2 |
| APM peak | 39 |
| eAPM avg | 12.2 |
| Villagers / military | 17 / 0 |
Focus
⚔️ 18.1% · 🌾 81.9%
Feudal
—
Castle
—
Imperial
—
| APM avg | 47.6 |
| APM peak | 69 |
| eAPM avg | 14.8 |
| Villagers / military | 25 / 0 |
Focus
⚔️ 35.8% · 🌾 64.2%
Feudal
—
Castle
—
Imperial
—
| APM avg | 37.9 |
| APM peak | 60 |
| eAPM avg | 11.2 |
| Villagers / military | 33 / 0 |
Focus
⚔️ 16.2% · 🌾 83.8%
Match map
Initial resources + every placement click. Lines = walls · curves = elevation contours. ◆ gold · ⬟ stone · ● berries · ✦ relic · ◌ wall gap
Your base
Great Serbia's base
jaskera's base
MarginCall's base
pilots_son93's base
Hash-'s base
中國古拳法's base
狮子座v钱帅's base
Smoothed initial terrain · ◌ = detected wall gap · hover for details
Inputs per minute
— eloysuarez93 - - Great Serbia
Build order — eloysuarez93
31 actions detected in the replay
| 0:12 | Build | Town Center |
| 2:39 | Build | House |
| 2:40 | Create | Villager (Male) |
| 2:40 | Create | Villager (Male) |
| 2:41 | Create | Villager (Male) |
| 2:41 | Create | Villager (Male) |
| 4:13 | Create | Villager (Male) |
| 4:18 | Create | Villager (Male) |
| 4:18 | Create | Villager (Male) |
| 4:24 | Build | House |
| 4:25 | Build | House |
| 5:07 | Create | Villager (Male) |
| 5:07 | Create | Villager (Male) |
| 5:15 | Build | Lumber Camp |
| 5:38 | Create | Villager (Male) |
| 5:38 | Create | Villager (Male) |
| 5:38 | Create | Villager (Male) |
| 5:40 | Research | Loom |
| 5:50 | Create | Villager (Male) |
| 5:50 | Create | Villager (Male) |
| 6:00 | Create | Villager (Male) |
| 6:00 | Create | Villager (Male) |
| 6:38 | Create | Villager (Male) |
| 6:38 | Create | Villager (Male) |
| 6:48 | Create | Villager (Male) |
| 7:22 | Create | Villager (Male) |
| 7:39 | Build | House |
| 7:40 | Build | House |
| 7:47 | Create | Villager (Male) |
| 7:48 | Create | Villager (Male) |
| 8:34 | Build | Outpost |
Build order — Great Serbia
26 actions detected in the replay
| 0:20 | Build | Town Center |
| 1:04 | Build | Town Center |
| 3:12 | Build | House |
| 3:25 | Create | Villager (Male) |
| 3:25 | Create | Villager (Male) |
| 3:26 | Create | Villager (Male) |
| 3:26 | Create | Villager (Male) |
| 3:26 | Create | Villager (Male) |
| 4:53 | Create | Villager (Male) |
| 4:54 | Create | Villager (Male) |
| 4:54 | Create | Villager (Male) |
| 5:06 | Build | Lumber Camp |
| 5:20 | Create | Villager (Male) |
| 5:41 | Create | Villager (Male) |
| 5:48 | Build | House |
| 6:12 | Create | Villager (Male) |
| 6:12 | Create | Villager (Male) |
| 6:39 | Create | Villager (Male) |
| 6:39 | Create | Villager (Male) |
| 7:25 | Create | Villager (Male) |
| 7:25 | Create | Villager (Male) |
| 8:04 | Build | House |
| 8:11 | Create | Villager (Male) |
| 8:12 | Create | Villager (Male) |
| 8:12 | Create | Villager (Male) |
| 8:12 | Create | Villager (Male) |
Build order — jaskera
27 actions detected in the replay
| 0:16 | Build | Town Center |
| 1:08 | Build | Lumber Camp |
| 1:21 | Build | House |
| 2:41 | Create | Villager (Male) |
| 2:41 | Create | Villager (Male) |
| 2:43 | Create | Villager (Male) |
| 2:44 | Create | Villager (Male) |
| 2:57 | Build | Palisade Wall |
| 3:00 | Build | Palisade Wall |
| 3:47 | Create | Villager (Male) |
| 3:55 | Build | House |
| 4:29 | Build | House |
| 4:30 | Create | Villager (Male) |
| 4:30 | Create | Villager (Male) |
| 4:51 | Create | Villager (Male) |
| 4:52 | Create | Villager (Male) |
| 5:20 | Create | Villager (Male) |
| 5:27 | Build | House |
| 5:37 | Create | Villager (Male) |
| 5:40 | Build | House |
| 6:12 | Create | Villager (Male) |
| 6:13 | Create | Villager (Male) |
| 6:52 | Build | Lumber Camp |
| 6:57 | Create | Villager (Male) |
| 7:05 | Create | Villager (Male) |
| 7:18 | Create | Villager (Male) |
| 7:57 | Create | Villager (Male) |
Build order — MarginCall
25 actions detected in the replay
| 0:11 | Build | Town Center |
| 2:18 | Build | House |
| 2:41 | Create | Villager (Male) ×4 |
| 2:41 | Create | Villager (Male) ×4 |
| 3:47 | Create | Villager (Male) |
| 4:33 | Build | House |
| 4:40 | Create | Villager (Male) |
| 4:50 | Build | Lumber Camp |
| 5:04 | Create | Villager (Male) |
| 5:21 | Create | Villager (Male) |
| 5:40 | Create | Villager (Male) |
| 5:41 | Create | Villager (Male) |
| 6:17 | Create | Villager (Male) |
| 6:32 | Build | Mill |
| 6:49 | Create | Villager (Male) |
| 6:57 | Create | Villager (Male) |
| 6:58 | Create | Villager (Male) |
| 7:06 | Build | House |
| 7:33 | Create | Villager (Male) |
| 7:39 | Build | Palisade Wall |
| 7:40 | Build | Palisade Wall |
| 7:40 | Build | Palisade Wall |
| 7:59 | Create | Villager (Male) |
| 8:02 | Create | Villager (Male) |
| 8:19 | Build | Palisade Wall |
Build order — pilots_son93
26 actions detected in the replay
| 0:11 | Build | Town Center |
| 0:19 | Build | Lumber Camp |
| 0:23 | Build | House |
| 1:19 | Build | House |
| 2:52 | Create | Villager (Male) |
| 2:52 | Create | Villager (Male) |
| 2:52 | Create | Villager (Male) |
| 2:53 | Create | Villager (Male) |
| 2:53 | Create | Villager (Male) |
| 4:30 | Create | Villager (Male) |
| 4:31 | Create | Villager (Male) |
| 4:43 | Build | Lumber Camp |
| 4:52 | Create | Villager (Male) |
| 4:53 | Create | Villager (Male) |
| 5:24 | Create | Villager (Male) |
| 5:35 | Build | House |
| 5:38 | Create | Villager (Male) |
| 6:12 | Research | Loom |
| 6:22 | Create | Villager (Male) |
| 6:52 | Create | Villager (Male) |
| 7:05 | Build | House |
| 7:13 | Create | Villager (Male) |
| 7:14 | Create | Villager (Male) |
| 7:14 | Create | Villager (Male) |
| 7:49 | Create | Villager (Male) |
| 8:11 | Create | Villager (Male) |
Build order — Hash-
25 actions detected in the replay
| 0:37 | Build | Town Center |
| 0:45 | Build | House |
| 2:27 | Build | House |
| 2:36 | Build | Palisade Wall |
| 3:10 | Create | Villager (Male) |
| 3:10 | Create | Villager (Male) |
| 3:12 | Create | Villager (Male) |
| 3:12 | Create | Villager (Male) |
| 3:13 | Create | Villager (Male) |
| 3:13 | Create | Villager (Male) |
| 4:40 | Research | Loom |
| 5:05 | Create | Villager (Male) |
| 5:05 | Create | Villager (Male) |
| 5:06 | Create | Villager (Male) |
| 5:06 | Create | Villager (Male) |
| 5:40 | Create | Villager (Male) |
| 5:40 | Create | Villager (Male) |
| 5:53 | Create | Villager (Male) |
| 5:54 | Create | Villager (Male) |
| 5:54 | Create | Villager (Male) |
| 6:07 | Build | House |
| 6:17 | Create | Villager (Male) |
| 6:28 | Build | Lumber Camp |
| 7:06 | Create | Villager (Male) |
| 7:13 | Build | House |
Build order — 中國古拳法
29 actions detected in the replay
| 0:06 | Build | Town Center |
| 2:10 | Create | Villager (Male) |
| 2:10 | Create | Villager (Male) |
| 2:10 | Create | Villager (Male) |
| 2:10 | Create | Villager (Male) |
| 2:11 | Create | Villager (Male) |
| 3:25 | Create | Villager (Male) |
| 3:25 | Create | Villager (Male) |
| 4:09 | Create | Villager (Male) |
| 4:09 | Create | Villager (Male) |
| 4:20 | Create | Villager (Male) |
| 4:21 | Create | Villager (Male) |
| 4:35 | Build | Lumber Camp |
| 4:36 | Create | Villager (Male) |
| 4:37 | Create | Villager (Male) |
| 5:02 | Create | Villager (Male) |
| 5:19 | Create | Villager (Male) |
| 5:19 | Create | Villager (Male) |
| 5:56 | Create | Villager (Male) |
| 6:31 | Create | Villager (Male) |
| 6:31 | Create | Villager (Male) |
| 6:33 | Create | Villager (Male) |
| 6:33 | Create | Villager (Male) |
| 7:42 | Create | Villager (Male) |
| 7:42 | Create | Villager (Male) |
| 7:45 | Create | Villager (Male) |
| 7:45 | Create | Villager (Male) |
| 8:05 | Research | Loom |
| 8:19 | Build | Mill |
Build order — 狮子座v钱帅
36 actions detected in the replay
| 0:11 | Build | Town Center |
| 2:39 | Create | Villager (Male) |
| 2:40 | Create | Villager (Male) |
| 2:40 | Create | Villager (Male) |
| 2:40 | Create | Villager (Male) |
| 2:40 | Create | Villager (Male) |
| 3:32 | Create | Villager (Male) |
| 3:32 | Create | Villager (Male) |
| 4:11 | Create | Villager (Male) |
| 4:11 | Create | Villager (Male) |
| 4:32 | Create | Villager (Male) |
| 4:33 | Create | Villager (Male) |
| 5:03 | Create | Villager (Male) |
| 5:04 | Create | Villager (Male) |
| 5:50 | Create | Villager (Male) |
| 5:50 | Create | Villager (Male) |
| 5:50 | Create | Villager (Male) |
| 5:50 | Create | Villager (Male) |
| 5:56 | Create | Villager (Male) |
| 5:57 | Create | Villager (Male) |
| 6:01 | Build | Mill |
| 6:15 | Create | Villager (Male) |
| 6:15 | Create | Villager (Male) |
| 7:04 | Create | Villager (Male) |
| 7:04 | Create | Villager (Male) |
| 7:16 | Create | Villager (Male) |
| 7:23 | Create | Villager (Male) |
| 7:24 | Create | Villager (Male) |
| 7:24 | Create | Villager (Male) |
| 7:28 | Build | Lumber Camp |
| 7:30 | Create | Villager (Male) |
| 7:30 | Create | Villager (Male) |
| 8:14 | Create | Villager (Male) |
| 8:27 | Create | Villager (Male) |
| 8:27 | Create | Villager (Male) |
| 8:27 | Create | Villager (Male) |
Match timeline
| 2:36 | Hash- · wall_segment Palisade Wall x1 |
| 2:57 | jaskera · wall_segment Palisade Wall x1 |
| 3:00 | jaskera · wall_segment Palisade Wall x1 |
| 7:39 | MarginCall · wall_segment Palisade Wall x1 |
| 7:40 | MarginCall · wall_segment Palisade Wall x1 |
| 7:40 | MarginCall · wall_segment Palisade Wall x1 |
| 8:06 | Hash- · resign |
| 8:19 | MarginCall · wall_segment Palisade Wall x11 |
[ AI ANALYSIS · 1 CREDIT ]
What really happened in this match?
Wolo.gg analyzes every decision: build order, eco, micro, common mistakes by bracket. Personalized analysis on WhatsApp or Discord in 30 seconds.
Civ guide
Khmer
Perfil
eloysuarez93